 Dungeon Crawl Stone Soup version 0.29-a0-72-g1732ff48e7 (webtiles) character file.

Game seed: 6080823567617279455

49 bromine the Digger (level 3, -9/25 HPs)
             Began as a Gnoll Wanderer on Feb 2, 2022.
             Was a Believer of Lugonu.
             Mangled by a worm (10 damage)
             ... on level 2 of the Dungeon on Feb 3, 2022.
             The game lasted 00:14:59 (2190 turns).

bromine the Digger (Gnoll Wanderer)                 Turns: 2190, Time: 00:15:00

Health: -9/25      AC:  2    Str: 10    XL:     3   Next: 77%
Magic:  7/7        EV: 11    Int: 11    God:    Lugonu [**....]
Gold:   15         SH:  5    Dex: 14    Spells: 6/7 levels left

rFire   . . .      SeeInvis .   m - +1 short sword (venom)
rCold   . . .      Faith    .   b - +0 buckler
rNeg    . . .      Spirit   .   d - +0 robe
rPois   .          Reflect  .   (no helmet)
rElec   .          Harm     .   (no cloak)
rCorr   .          Rampage  .   (no gloves)
Will    .....                   (no boots)
Stlth   ++........              (no amulet)
HPRegen 0.08/turn               (no ring)
MPRegen 0.10/turn               (no ring)

@: no status effects
A: fangs 1, strong nose, distributed training
a: Renounce Religion, Depart the Abyss, Bend Space


You were on level 2 of the Dungeon.
You worshipped Lugonu.
Lugonu was pleased with you.
You visited 1 branch of the dungeon, and saw 2 of its levels.

You collected 15 gold pieces.

Inventory:

Hand Weapons
 a - a +0 falchion
 e - a +0 mace
 g - a +0 mace
 h - a +0 hunting sling
 j - a +0 club
 k - a +0 spear
 l - a +0 dagger
 m - a +1 short sword of venom (weapon)
Missiles
 c - 130 stones
Armour
 b - a +0 buckler (worn)
 d - a +0 robe (worn)
Scrolls
 i - a scroll of teleportation {unknown}
Potions
 f - a potion of haste {unknown}


   Skills:
 + Level 0.9 Fighting
 + Level 0.9 Short Blades
 + Level 4.5 Long Blades
 + Level 0.9 Axes
 + Level 0.9 Maces & Flails
 + Level 0.9 Polearms
 + Level 0.9 Staves
 + Level 0.9 Slings
 + Level 0.9 Bows
 + Level 0.9 Crossbows
 + Level 0.9 Throwing
 + Level 2.6 Armour
 + Level 0.9 Dodging
 + Level 0.9 Stealth
 + Level 4.5 Shields
 + Level 0.9 Unarmed Combat
 + Level 2.8 Spellcasting
 + Level 0.6 Conjurations
 + Level 0.6 Hexes
 + Level 0.6 Summonings
 + Level 0.6 Necromancy
 + Level 0.6 Translocations
 + Level 0.6 Transmutations
 + Level 0.6 Fire Magic
 + Level 0.6 Ice Magic
 + Level 0.6 Air Magic
 + Level 7.1 Earth Magic
 + Level 0.6 Poison Magic
 + Level 1.0 Invocations
 + Level 0.9 Evocations


You had 6 spell levels left.
You knew the following spells:

 Your Spells              Type           Power      Damage    Failure   Level
a - Sandblast             Erth           34%        2d9       1%          1

Your spell library contained the following spells:

 Spells                   Type           Power      Damage    Failure   Level
 Passwall                 Tmut/Erth      8%         N/A       11%         2
 Leda's Liquefaction      Hex/Erth       5%         N/A       56%         4
 Summon Forest            Summ/Tloc      1%         N/A       100%        5
 Summon Mana Viper        Hex/Summ       3%         N/A       100%        5
 Summon Cactus Giant      Summ           1%         N/A       100%        6


Dungeon Overview and Level Annotations

Branches:
Dungeon (2/15)

Altars:
Beogh
Lugonu


Innate Abilities, Weirdness & Mutations

You have very sharp teeth.
Your uncanny sense of smell can sniff out nearby items.
Your experience applies equally to all skills.


Message History

The adder bites you.
You are poisoned.
The adder poisons you!
You closely miss the adder.
You feel sick. The adder closely misses you.
You slash the adder!
The adder is severely wounded.
You feel sick. The adder barely misses you. The adder bites you.
You are more poisoned.
The adder poisons you!
You miss the adder.
The adder is severely wounded.
You feel sick. The adder bites you.
You closely miss the adder. Your bite misses the adder.
The adder is severely wounded.
You feel sick. You block the adder's attack.
The adder bites you but does no damage.
You slash the adder!
You kill the adder!
Lugonu accepts your kill.
You feel sick.
You feel sick.
c - 130 stones (gained 18)
You feel sick.
You feel sick.
You are no longer poisoned.
The worm bites you.
* * * LOW HITPOINT WARNING * * *
Your +1 short sword of venom begins to drip with poison!
m - a +1 short sword of venom (weapon)
You hit the worm.
The worm is poisoned.
The worm is moderately wounded.
You hit the worm. You bite the worm, but do no damage.
The worm is heavily wounded.
The worm bites you.
* * * LOW HITPOINT WARNING * * *
You hit the worm.
The worm looks as sick as possible!
You bite the worm, but do no damage.
The worm is severely wounded.
The worm bites you!
You die...

#..#######.#
#.... #.#
#.#### #.#
... #.# .#.#
#.# #.#.#
#.# # #.#
#.# #@# #w#
#†......#
#..(....#
#.......#
#.......# ∆
#.......#
#$.......
∆#######..


You could see a worm (extremely poisoned).

Vanquished Creatures
  An adder (D:2)
  2 dart slugs (D:1)
  2 ball pythons
  5 endoplasms
  3 giant cockroaches (D:1)
  3 goblins (D:1)
  3 hobgoblins (D:1)
  2 jackals (D:1)
  2 kobolds
  A quokka (D:1)
  4 bats
  2 frilled lizards
  A rat (D:1)
31 creatures vanquished.

Notes
Turn   | Place    | Note
-------+----------+-------------------------------------------
     0 | D:1      | bromine the Gnoll Wanderer began the quest for the Orb.
     0 | D:1      | bromine set off with the following items: a +0 falchion, a
                  | +0 buckler, 26 stones, a +0 robe; and the following spell
                  | memorised: Sandblast; and the following spells available to
                  | memorise: Passwall, Leda's Liquefaction
     0 | D:1      | Reached XP level 1. HP: 13/13 MP: 4/4
   432 | D:1      | Reached XP level 2. HP: 13/19 MP: 5/5
   874 | D:1      | Upgraded the game from 0.29-a0-43-g62a80824bf to
                  | 0.29-a0-72-g1732ff48e7
   920 | D:1      | Reached XP level 3. HP: 23/25 MP: 7/7
  1246 | D:1      | Found a faded altar of an unknown god.
  1250 | D:1      | Prayed at the altar of an unknown god.
  1250 | D:1      | Became a worshipper of Lugonu the Unformed
  1250 | D:1      | Reached * piety under Lugonu
  1250 | D:1      | Reached ** piety under Lugonu
  2070 | D:2      | Reached skill level 1 in Invocations
  2189 | D:2      | HP: 1/25 [worm (6)]
  2190 | D:2      | Mangled by a worm

Illustrated notes

Levels and vault maps discovered:
D:1:      dpeg_arrival_morbid_curiosity, layout_basic,
          hellmonk_ecumenical_altar_defaced_shrine, serial_park_tiny_2
D:2:      layout_basic, solitary_fountain

Skill      XL: |  1  2  3 |
---------------+----------+-----
Invocations    | 1 |  1.0
Fighting       | |  0.9
Short Blades   | |  0.9
Long Blades    | |  4.5
Axes           | |  0.9
Maces & Flails | |  0.9
Polearms       | |  0.9
Staves         | |  0.9
Slings         | |  0.9
Bows           | |  0.9
Crossbows      | |  0.9
Throwing       | |  0.9
Armour         | |  2.6
Dodging        | |  0.9
Stealth        | |  0.9
Shields        | |  4.5
Unarmed Combat | |  0.9
Spellcasting   | |  2.8
Conjurations   | |  0.6
Hexes          | |  0.6
Summonings     | |  0.6
Necromancy     | |  0.6
Translocations | |  0.6
Transmutations | |  0.6
Fire Magic     | |  0.6
Ice Magic      | |  0.6
Air Magic      | |  0.6
Earth Magic    | |  7.1
Poison Magic   | |  0.6
Evocations     | |  0.9

Action                   || total
-------------------------++-------
Melee: Falchion          ||    95
       Bite              ||     9
       Short sword       ||     3
  Use: Potion            ||     1
 Stab: Sleeping          ||     3
Armor: Robe              ||    18
Dodge: Dodged            ||    58
Block: Buckler           ||    27

Table legend: (Time is in decaauts)
 A = Elapsed time spent in this place.
 B = Non-inter-level travel time spent in this place.
 C = Inter-level travel time spent in this place.
 D = Time resting spent in this place.
 E = Time spent auto-exploring this place.
 F = Levels seen in this place.
 G = Mean time per level.
                   A        B        C        D        E       F      G
               +--------+--------+--------+--------+--------+-----+--------+
         Total |   2201 |   2025 |    176 |      0 |    558 |   2 | 1100.5 |
       Dungeon |   2201 |   2025 |    176 |      0 |    558 |   2 | 1100.5 |
               +--------+--------+--------+--------+--------+-----+--------+

Top non-repeatable levels by time:
     D:1: 2006 daAuts
     D:2: 194 daAuts
